 Dungeon Crawl Stone Soup version 0.27-a0-277-g024f7ef292 (webtiles) character file.

Game seed: 4790920588589025324

90 Maimakterion the Ducker (level 4, 0/36 HPs)
             Began as a Spriggan Berserker on Feb 5, 2021.
             Was a Believer of Trog.
             Succumbed to an adder's poison
             ... on level 2 of the Dungeon.
             The game lasted 00:01:51 (2155 turns).

Maimakterion the Ducker (Spriggan Berserker)        Turns: 2155, Time: 00:01:52

Health: 0/36       AC:  2    Str: 14    XL:     4   Next: 32%
Magic:  5/5        EV: 19    Int:  8    God:    Trog [**....]
Gold:   136        SH:  0    Dex: 14    Spells: 3/3 levels left

rFire    . . .     SeeInvis +   a - +0 short sword
rCold    . . .     Faith    .   (shield restricted)
rNeg     . . .     Spirit   .   b - +0 animal skin
rPois    .         Reflect  .   (helmet restricted)
rElec    .         Harm     .   (no cloak)
rCorr    .         Rampage  .   (gloves unavailable)
Will     .....                  (boots unavailable)
Stlth    ..........             (no amulet)
HPRegen  0.12/turn              (no ring)
MPRegen  0.09/turn              (no ring)

@: berserking, lethally poisoned (0 -> -20), very quick
A: very small, unfitting armour, see invisible, speed 3
a: Renounce Religion, Berserk, Trog's Hand


You were on level 2 of the Dungeon.
You worshipped Trog.
Trog was pleased with you.
You visited 1 branch of the dungeon, and saw 2 of its levels.

You collected 136 gold pieces.

Inventory:

Hand Weapons
 a - a +0 short sword (weapon)
Armour
 b - a +0 animal skin (worn)
Scrolls
 c - 2 scrolls of identify {unknown}
 d - a scroll of blinking {unknown}
 e - a scroll of remove curse {unknown}
 f - 2 scrolls of teleportation {unknown}
 h - a scroll of magic mapping {unknown}
 i - a scroll of immolation {unknown}
Potions
 g - a potion of heal wounds {unknown}


   Skills:
 + Level 3.0 Fighting
 + Level 4.3 Short Blades
 + Level 5.1 Dodging
 + Level 1.1 Stealth


You had 3 spell levels left.
You didn't know any spells.
Your spell library was empty.

Dungeon Overview and Level Annotations

Branches:
Dungeon (2/15)

Altars:


Innate Abilities, Weirdness & Mutations

You are very small and have problems with some larger weapons.
You are too small for most types of armour.
You have supernaturally acute eyesight. (SInv)
You cover ground extremely quickly.


Message History

A red film seems to cover your vision as you go berserk!
You feel yourself moving faster!
You feel mighty!
* * * LOW HITPOINT WARNING * * *
You feel sick. The adder completely misses you.
You now have 3/34 hp.
You puncture the adder!
You kill the adder!
Trog accepts your kill.
You can now call upon Trog for regeneration and willpower.
* * * LOW HITPOINT WARNING * * *
You feel sick.
Your Fighting skill increases to level 3!
You take 1 damage, and have 2/36 hp.
* * * LOW HITPOINT WARNING * * *
You feel sick.
You take 1 damage, and have 1/36 hp.
Okay, then.
There is a lethal amount of poison in your body!
You feel a strong urge to attack something.
You die...

#># #.#.#.#..##
#.# ##...##..#
#.# ##.###..#
#.# #.# #...
#.#####.###.###
#......)....#
#######.#####
#.# #@#
.........#
####.....#
#.###.# #. .# #
.# .# ..


There were no monsters in sight!

Vanquished Creatures
  Natasha (twice) (D:2)
  2 adders (D:2)
  2 dart slugs (D:1)
  A leopard gecko (D:1)
  3 goblins
  2 hobgoblins (D:1)
  4 bats (D:1)
  2 frilled lizards (D:1)
  4 kobolds
  2 rats
24 creatures vanquished.

Notes
Turn   | Place    | Note
-------+----------+-------------------------------------------
     0 | D:1      | Maimakterion the Spriggan Berserker began the quest for the
                  | Orb.
     0 | D:1      | Reached XP level 1. HP: 11/11 MP: 2/2
   642 | D:1      | Reached XP level 2. HP: 16/16 MP: 3/3
  1543 | D:2      | Noticed Natasha
  1549 | D:2      | Killed Natasha
  1550 | D:2      | Reached XP level 3. HP: 19/19 MP: 4/4
  1615 | D:2      | Noticed Natasha
  1625 | D:2      | Killed Natasha
  1626 | D:2      | Reached skill level 5 in Dodging
  1626 | D:2      | Reached XP level 4. HP: 23/23 MP: 5/5
  1793 | D:2      | Reached skill level 1 in Stealth
  2153 | D:2      | Reached ** piety under Trog
  2154 | D:2      | HP: 1/36 [poisoned by an adder]
  2155 | D:2      | Succumbed to an adder's poison

Illustrated notes

Levels and vault maps discovered:
D:1:      psy_arrival_radial01, layout_loops_ring
D:2:      minmay_alternating_diamond, layout_loops_ring, uniq_natasha

Skill      XL: |  1  2  3  4 |
---------------+-------------+-----
Short Blades   | 4 |  4.3
Dodging        | 5 |  5.1
Stealth        | 1 |  1.1
Fighting       | 3 |  3.0

Action                   |  1- 3 |  4- 6 || total
-------------------------+-------+-------++-------
Melee: Short sword       |    59 |    35 ||    94
Invok: Berserk           |     3 |     1 ||     4
 Stab: Distracted        |       |     1 ||     1
Armor: Animal skin       |     8 |     1 ||     9
Dodge: Dodged            |    30 |    20 ||    50

Table legend: (Time is in decaauts)
 A = Elapsed time spent in this place.
 B = Non-inter-level travel time spent in this place.
 C = Inter-level travel time spent in this place.
 D = Time resting spent in this place.
 E = Time spent auto-exploring this place.
 F = Levels seen in this place.
 G = Mean time per level.
                   A        B        C        D        E       F      G
               +--------+--------+--------+--------+--------+-----+--------+
         Total |   1774 |   1751 |     23 |    934 |    664 |   2 |  887.0 |
       Dungeon |   1774 |   1751 |     23 |    934 |    664 |   2 |  887.0 |
               +--------+--------+--------+--------+--------+-----+--------+

Top non-repeatable levels by time:
     D:1: 1221 daAuts
     D:2: 553 daAuts
